 Dungeon Crawl Stone Soup version 0.22.1-1-ga44c0e5 (webtiles) character file.

926 Jamjie98 the Skirmisher (level 7, -5/61 HPs)
             Began as a Grey Draconian Abyssal Knight on Oct 1, 2018.
             Was a Priest of Lugonu.
             Killed by divine providence
             ... invoked by an orc priest
              (13 damage)
             ... on level 5 of the Dungeon.
             The game lasted 00:30:00 (3482 turns).

Jamjie98 the Skirmisher (DrAK)                      Turns: 3482, Time: 00:30:01

Health: -5/61      AC: 14    Str: 16    XL:     7   Next: 85%
Magic:  6/8        EV: 13    Int: 13    God:    Lugonu [***...]
Gold:   183        SH:  0    Dex: 10    Spells: 7/8 levels left

rFire    + . .     SeeInvis .   t - +0 war axe (elec)
rCold    + . .     Gourm    .   (no shield)
rNeg     . . .     Faith    .   (armour unavailable)
rPois    .         Spirit   .   (helmet restricted)
rElec    .         Reflect  .   u - scarf {rC+ rF+}
rCorr    +         Harm     .   (no gloves)
MR       .....                  p - +2 pair of boots
Stlth    ++........             (no amulet)
HPRegen  0.20/turn              l - ring of resist corrosion
MPRegen  0.11/turn              (no ring)

@: starving
A: walk through water, unfitting armour, unbreathing, cold-blooded, AC +11
a: Depart the Abyss, Bend Space, Banish, Renounce Religion


You were on level 5 of the Dungeon.
You worshipped Lugonu.
Lugonu was most pleased with you.
You were starving.

You visited 1 branch of the dungeon, and saw 5 of its levels.
You visited the Abyss 1 time.

You collected 183 gold pieces.

Inventory:

Hand Weapons
 a - a +1 spear
 c - a +0 club
 f - a +0 mace
 t - a +0 war axe of electrocution (weapon)
 A - a +0 flail
 H - a +4 dagger
Missiles
 e - 144 stones (quivered)
 g - 26 arrows
 n - 5 large rocks
 D - 18 sling bullets
 F - a throwing net
Armour
 i - a cursed +1 helmet
 p - a +2 pair of boots (worn)
 r - a +0 robe
 u - a scarf of resistance (worn)
 v - a +1 leather armour of cold resistance
 I - a +0 ring mail
 J - a +0 centaur barding
Jewellery
 l - a ring of resist corrosion (left hand)
Wands
 E - a wand of digging (11)
Scrolls
 d - a scroll of fear
 k - a scroll of amnesia
 s - a scroll of blinking
 x - a scroll of identify
 y - a scroll of remove curse
Potions
 h - 3 potions of curing
 j - 2 potions of haste
 m - a potion of degeneration {unknown}
 o - a potion of might {unknown}
 q - a potion of cancellation {unknown}
 w - a potion of ambrosia {unknown}
 B - a potion of magic {unknown}
 G - a potion of heal wounds {unknown}
Comestibles
 b - 8 rations
 z - 9 chunks of flesh


   Skills:
 + Level 5.3 Fighting
 + Level 4.8(5.5) Axes
 + Level 3.7(4.9) Polearms
 + Level 4.2 Dodging
 + Level 1.5 Stealth
 + Level 1.0 Spellcasting
 + Level 1.9 Summonings
 + Level 2.3 Invocations


You had 7 spell levels left.
You knew the following spells:

 Your Spells              Type           Power        Failure   Level  Hunger
a - Summon Small Mammal   Summ           #...         13%         1    ##.....

Your spell library contained the following spells:

 Spells                   Type           Power        Failure   Level  Hunger
 Animate Skeleton         Necr           N/A          28%         1    ##.....
 Apportation              Tloc           #.....       28%         1    ##.....
 Confusing Touch          Hex            #.....       28%         1    ##.....


Dungeon Overview and Level Annotations

Branches:
Dungeon (5/15)
 Temple: D:4-7

Altars:
Nemelex Xobeh
Zin


Innate Abilities, Weirdness & Mutations

You can walk through water.
Your dull iron-grey scales are very hard. (AC +11)
You cannot fit into any form of body armour.
You can survive without breathing.
You are cold-blooded and may be slowed by cold attacks.


Message History

The orc wizard hits you but does no damage.
The orc wizard points at you and mumbles some strange words.
The puff of flame hits you! You resist.
* * * LOW HITPOINT WARNING * * *
As you read the scroll of fear, it crumbles to dust.
You assume a fearsome visage.
The orc wizard looks frightened!
The orc priest looks frightened!
The orc looks frightened!
The orc wizard mumbles some strange words.
The orc wizard flickers and vanishes!
The orc is too close now for your liking.
You are starving!
The orc is too close now for your liking.
A puff of flame appears from out of thin air!
The puff of flame hits you! You resist.
* * * LOW HITPOINT WARNING * * *
A puff of flame appears from out of thin air!
The puff of flame hits you! You resist.
The orc priest calls down the wrath of Beogh upon you.
Beogh smites you!
You die...

#.###.###
#.#####
#...(o..#
#.....#
#####.#.#
#..##.#
##...#o#
#..##.#
#......# #
#.....#
#.#.#(.#.#
##.####
...#......# #.#
###
#.#o#########
#.#
...#..o....@.#
#.#
#############.#
#.# #.# #.#
#.###.# #.....#
#######


You could see an orc priest and an orc.

Vanquished Creatures
  Grinder (D:3)
  An ice beast (D:5)
  A scorpion (D:4)
  A jelly (D:5)
  2 orc priests
  3 orc wizards
  A bullfrog skeleton (D:4)
  Jessica (D:2)
  An iguana (D:5)
  Terence (D:2)
  2 worker ants
  A worker ant zombie (D:5)
  6 gnolls
  9 adders
  An ooze (D:5)
  An adder skeleton (D:5)
  2 dart slugs
  3 leopard geckos
  13 orcs
  3 ball pythons
  4 giant cockroaches
  3 goblins
  5 hobgoblins
  10 jackals
  4 bats
  3 frilled lizards
  A kobold (D:1)
  A quokka skeleton (D:4)
  4 rats
89 creatures vanquished.

Vanquished Creatures (collateral kills)
  A gnoll (D:5)
  An orc (D:5)
2 creatures vanquished.

Grand Total: 91 creatures vanquished

Notes
Turn   | Place    | Note
-------+----------+-------------------------------------------
     0 | Abyss:1  | Jamjie98 the Draconian Abyssal Knight began the quest for
                  | the Orb.
     0 | Abyss:1  | Reached XP level 1. HP: 19/19 MP: 2/2
    51 | Abyss:1  | Noticed a large abomination
    52 | Abyss:1  | Noticed a small abomination
    53 | D:1      | Escaped the Abyss
   241 | D:1      | Reached * piety under Lugonu
   344 | D:1      | Reached XP level 2. HP: 27/27 MP: 3/3
   653 | D:2      | Learned a level 1 spell: Summon Small Mammal
   978 | D:2      | Noticed Jessica
   989 | D:2      | Killed Jessica
   989 | D:2      | Reached skill level 4 in Fighting
   989 | D:2      | Reached XP level 3. HP: 33/33 MP: 4/4
  1101 | D:2      | Noticed Terence
  1114 | D:2      | Killed Terence
  1114 | D:2      | Reached XP level 4. HP: 25/40 MP: 5/5
  1194 | D:2      | You fall through a shaft for 2 floors!
  1449 | D:4      | Reached skill level 1 in Stealth
  1519 | D:4      | Reached XP level 5. HP: 47/47 MP: 6/6
  1554 | D:4      | Reached skill level 1 in Axes
  1722 | D:4      | Reached XP level 6. HP: 41/53 MP: 7/7
  1824 | D:3      | Noticed Grinder
  1825 | D:3      | Paralysed by Grinder for 6 turns
  1834 | D:3      | Paralysed by Grinder for 7 turns
  1841 | D:3      | Reached ** piety under Lugonu
  1860 | D:3      | Killed Grinder
  2080 | D:3      | Your scales start taking on a dull iron-grey colour.
  2080 | D:3      | Reached XP level 7. HP: 43/60 MP: 8/8
  2080 | D:3      | Gained mutation: You can survive without breathing. [Grey
                  | Draconian growth]
  2267 | D:3      | Found a glowing silver altar of Zin.
  2600 | D:4      | Reached skill level 5 in Fighting
  2663 | D:4      | Found a sparkling altar of Nemelex Xobeh.
  2877 | D:5      | Entered Level 5 of the Dungeon
  2950 | D:5      | Reached skill level 1 in Summonings
  3327 | D:5      | Reached *** piety under Lugonu
  3435 | D:5      | Reached skill level 1 in Spellcasting
  3482 | D:5      | Killed from afar by an orc priest

Skill      XL: |  1  2  3  4  5  6  7 |
---------------+----------------------+-----
Fighting       | 4 5 |  5.3
Polearms       | 3 |  3.7
Dodging        | 3 4 |  4.2
Stealth        | 1 |  1.5
Axes           | 2 3 4 |  4.8
Summonings     | 1 |  1.9
Spellcasting   | 1 |  1.0
Invocations    | |  2.3

Action                   |  1- 3 |  4- 6 |  7- 9 || total
-------------------------+-------+-------+-------++-------
Melee: Spear             |    67 |    13 |       ||    80
       Tailslap          |     7 |    16 |    14 ||    37
       War axe           |       |    84 |   141 ||   225
 Cast: Summon Small Mamm |     1 |     1 |    25 ||    27
Invok: Depart the Abyss  |     1 |       |       ||     1
       Bend Space        |       |     1 |     1 ||     2
  Use: Scroll            |     7 |     2 |     5 ||    14
       Potion            |     2 |     2 |       ||     4
 Stab: Sleeping          |     2 |     3 |     2 ||     7
  Eat: Chunk             |     1 |     3 |     4 ||     8
Armor: Skin              |    14 |    47 |    77 ||   138
Dodge: Dodged            |    32 |    60 |    98 ||   190
